 Dungeon Crawl Stone Soup version 0.22-a0-284-g99d1f74 (webtiles) character file.

123 Kairos the Charmwright (level 5, -8/43 HPs)
             Began as a Gnoll Skald on Mar 22, 2018.
             Was an Initiate of Okawaru.
             Killed from afar by a white imp (16 damage)
             ... with a puff of frost
             ... summoned by Natasha
             ... on level 3 of the Dungeon.
             The game lasted 00:05:07 (1954 turns).

Kairos the Charmwright (Gnoll Skald)                Turns: 1954, Time: 00:05:08

Health: -8/43      AC:  6    Str: 15    XL:     5   Next: 7%
Magic:  7/12       EV: 11    Int: 15    God:    Okawaru [......]
Gold:   59         SH:  0    Dex: 14    Spells: 13/14 levels left

rFire    + . .     SeeInvis .   q - +3 hand axe
rCold    x . .     Gourm    .   (no shield)
rNeg     . . .     Faith    .   j - +0 scale mail
rPois    .         Spirit   .   (no helmet)
rElec    .         Reflect  .   (no cloak)
rCorr    .         Harm     .   (no gloves)
MR       .....                  (no boots)
Stlth    ..........             (no amulet)
HPRegen  0.14/turn              b - ring of fire
MPRegen  0.13/turn              (no ring)

@: lethally poisoned (-8 -> -12), infused
A: distributed training, fangs 1, strong nose
a: Renounce Religion


You were on level 3 of the Dungeon.
You worshipped Okawaru.
Okawaru was noncommittal.
You were not hungry.

You visited 1 branch of the dungeon, and saw 3 of its levels.

You collected 59 gold pieces.

Inventory:

Hand Weapons
 a - a +0 mace
 e - a +0 whip
 q - a +3 hand axe (weapon)
Armour
 j - a +0 scale mail (worn)
Jewellery
 b - a ring of fire (left hand)
 o - an uncursed ring of resist corrosion {unknown}
Scrolls
 f - a scroll of remove curse {unknown}
 g - 2 scrolls of fear {unknown}
 h - 3 scrolls of identify {unknown}
 k - a scroll of enchant armour {unknown}
 l - a scroll of immolation {unknown}
 m - a scroll of random uselessness {unknown}
 r - a scroll of teleportation {unknown}
 s - a scroll of amnesia {unknown}
Potions
 c - a potion of haste {unknown}
 i - a potion of curing {unknown}
 n - a potion of resistance {unknown}
Comestibles
 d - 4 rations


   Skills:
 + Level 4.7 Fighting
 + Level 1.3 Short Blades
 + Level 1.3 Long Blades
 + Level 1.3 Axes
 + Level 4.7 Maces & Flails
 + Level 1.3 Polearms
 + Level 1.3 Staves
 + Level 1.3 Slings
 + Level 1.3 Bows
 + Level 1.3 Crossbows
 + Level 1.3 Throwing
 + Level 2.8 Armour
 + Level 4.7 Dodging
 + Level 1.3 Stealth
 + Level 1.3 Shields
 + Level 1.3 Unarmed Combat
 + Level 5.1 Spellcasting
 + Level 1.0 Conjurations
 + Level 1.0 Hexes
 + Level 5.5 Charms
 + Level 1.0 Summonings
 + Level 1.0 Necromancy
 + Level 1.0 Translocations
 + Level 1.0 Transmutations
 + Level 1.0 Fire Magic
 + Level 1.0 Ice Magic
 + Level 1.0 Air Magic
 + Level 1.0 Earth Magic
 + Level 1.0 Poison Magic
 + Level 1.4 Invocations
 + Level 1.3 Evocations


You had 13 spell levels left.
You knew the following spells:

 Your Spells              Type           Power        Failure   Level  Hunger
a - Infusion              Chrm           ###.         6%          1    None


Dungeon Overview and Level Annotations

Branches:
Dungeon (3/15)

Altars:
Elyvilon
Okawaru
Qazlal
The Shining One

Annotations:
D:3 Natasha


Innate Abilities, Weirdness & Mutations

Your experience applies equally to all skills.
You have very sharp teeth.
Your uncanny sense of smell can sniff out nearby items.


Message History

The adder bites you.
You are more poisoned.
The adder poisons you!
The crimson imp blinks!
Natasha mumbles some strange words.
You feel disoriented.
You feel sick. The adder misses you.
You feel sick.
The white imp disappears in a puff of smoke!
The orc hits you.
* * * LOW HITPOINT WARNING * * *
The crimson imp grinds its teeth.
Found a hunting sling.
You feel sick. The adder misses you. The adder barely misses you.
The adder bites you but does no damage. The adder bites you.
* * * LOW HITPOINT WARNING * * *
The crimson imp blinks!
A bat comes into view.
The white imp gestures at you. The puff of frost hits you!
You feel a terrible chill!
You die...

........... .....)....##
... .b....# .. .....# #.
#..... # ####.###5ยง# .###
#.
#....o.5S.###....#########.
#.)....o#.@.......[........
#......hS..###.#.....###<..
#.......##.# #.# #....#..##
#..%.....#.# #.###..#......
#..........###.##....##....
####.##.#...##.##.##.......
#. #.##.....#..###...... #.
..###................
#.#.## #...#.###........


You could see an orc wizard, Natasha, a crimson imp, 2 adders, a white imp and a
bat.

Vanquished Creatures
  Natasha (twice) (D:3)
  An adder (D:3)
  An ooze (D:2)
  2 worms
  A leopard gecko (D:3)
  An orc (D:3)
  12 bats
  2 giant cockroaches
  4 goblins
  6 hobgoblins
  5 jackals
  5 frilled lizards
  6 kobolds
  4 rats
52 creatures vanquished.

Notes
Turn   | Place    | Note
-------+----------+-------------------------------------------
     0 | D:1      | Kairos the Gnoll Skald began the quest for the Orb.
     0 | D:1      | Reached XP level 1. HP: 20/20 MP: 6/6
    73 | D:1      | Reached XP level 2. HP: 23/26 MP: 2/7
  1047 | D:2      | Reached XP level 3. HP: 31/31 MP: 7/9
  1087 | D:2      | Reached skill level 5 in Spellcasting
  1117 | D:2      | Found a stormy altar of Qazlal.
  1117 | D:2      | Found a glowing golden altar of the Shining One.
  1118 | D:2      | Found a white marble altar of Elyvilon.
  1355 | D:2      | Reached skill level 1 in Invocations
  1632 | D:2      | Found an iron altar of Okawaru.
  1648 | D:2      | Became a worshipper of Warmaster Okawaru
  1744 | D:3      | Reached skill level 1 in Short Blades
  1744 | D:3      | Reached skill level 1 in Long Blades
  1744 | D:3      | Reached skill level 1 in Axes
  1744 | D:3      | Reached skill level 1 in Polearms
  1744 | D:3      | Reached skill level 1 in Staves
  1744 | D:3      | Reached skill level 1 in Slings
  1744 | D:3      | Reached skill level 1 in Bows
  1744 | D:3      | Reached skill level 1 in Crossbows
  1744 | D:3      | Reached skill level 1 in Throwing
  1744 | D:3      | Reached skill level 1 in Stealth
  1744 | D:3      | Reached skill level 1 in Shields
  1744 | D:3      | Reached skill level 1 in Unarmed Combat
  1744 | D:3      | Reached skill level 1 in Evocations
  1803 | D:3      | Reached XP level 4. HP: 38/38 MP: 7/11
  1813 | D:3      | Noticed Natasha
  1821 | D:3      | Killed Natasha
  1853 | D:3      | Reached skill level 1 in Conjurations
  1853 | D:3      | Reached skill level 1 in Hexes
  1853 | D:3      | Reached skill level 1 in Summonings
  1853 | D:3      | Reached skill level 1 in Necromancy
  1853 | D:3      | Reached skill level 1 in Translocations
  1853 | D:3      | Reached skill level 1 in Transmutations
  1853 | D:3      | Reached skill level 1 in Fire Magic
  1853 | D:3      | Reached skill level 1 in Ice Magic
  1853 | D:3      | Reached skill level 1 in Air Magic
  1853 | D:3      | Reached skill level 1 in Earth Magic
  1853 | D:3      | Reached skill level 1 in Poison Magic
  1916 | D:3      | Noticed Natasha
  1920 | D:3      | Killed Natasha
  1920 | D:3      | Reached XP level 5. HP: 26/43 MP: 9/12
  1940 | D:3      | Noticed Natasha
  1954 | D:3      | Killed from afar by a white imp

Vault maps used:
D:1:      minmay_arrival_four_circles
D:2:      nicolae_overflow_quartered_altars
D:3:      uniq_natasha

Skill      XL: |  1  2  3  4 |
---------------+-------------+-----
Spellcasting   | 5 |  5.1
Invocations    | 1 |  1.4
Short Blades   | 1 |  1.3
Long Blades    | 1 |  1.3
Axes           | 1 |  1.3
Polearms       | 1 |  1.3
Staves         | 1 |  1.3
Slings         | 1 |  1.3
Bows           | 1 |  1.3
Crossbows      | 1 |  1.3
Throwing       | 1 |  1.3
Stealth        | 1 |  1.3
Shields        | 1 |  1.3
Unarmed Combat | 1 |  1.3
Evocations     | 1 |  1.3
Conjurations   | 1 |  1.0
Hexes          | 1 |  1.0
Summonings     | 1 |  1.0
Necromancy     | 1 |  1.0
Translocations | 1 |  1.0
Transmutations | 1 |  1.0
Fire Magic     | 1 |  1.0
Ice Magic      | 1 |  1.0
Air Magic      | 1 |  1.0
Earth Magic    | 1 |  1.0
Poison Magic   | 1 |  1.0
Fighting       | |  4.7
Maces & Flails | |  4.7
Armour         | |  2.8
Dodging        | |  4.7
Charms         | |  5.5

Action                   |  1- 3 |  4- 6 || total
-------------------------+-------+-------++-------
Melee: Mace              |     8 |       ||     8
       Whip              |   117 |       ||   117
       Bite              |     6 |     3 ||     9
       Hand axe          |     4 |    15 ||    19
 Cast: Infusion          |     9 |     2 ||    11
  Eat: Chunk             |     3 |       ||     3
Armor: Leather armour    |     3 |       ||     3
       Scale mail        |    46 |     8 ||    54
Dodge: Dodged            |   118 |    17 ||   135

Table legend:
 A = Spawn XP
 B = Non-spawn XP
 C = Spawn XP percentage of total XP
 D = Spawn monster count
 E = Non-spawn monster count
 F = Spawn count percentage of total count
 G = Total turns spent on level
                    A         B        C        D         E        F      G
               +---------+---------+-------+---------+---------+-------+---------
         Total |       0 |     176 |   0.0 |       0 |      52 |   0.0 |  1954
               +---------+---------+-------+---------+---------+-------+---------
           D:1 |       0 |      24 |   0.0 |       0 |      16 |   0.0 |   889
           D:2 |       0 |      40 |   0.0 |       0 |      21 |   0.0 |   810
           D:3 |       0 |     112 |   0.0 |       0 |      15 |   0.0 |   255
               +---------+---------+-------+---------+---------+-------+---------
